 Dungeon Crawl Stone Soup version 0.31-a0-692-gf03d1854d5 (webtiles) character file.

Game seed: 16968409085409076293

217 qw the Shooter (level 5, -1/32 HPs)
             Began as a Gargoyle Hunter on Sept 6, 2023.
             Slain by a black bear (8 damage)
             ... on level 4 of the Dungeon.
             The game lasted 00:01:03 (2639 turns).

qw the Shooter (Gargoyle Hunter)                    Turns: 2639, Time: 00:01:04

Health: -1/32      AC:  7    Str: 15    XL:     5   Next: 94%
Magic:  5/5        EV: 12    Int:  9    God:
Gold:   137        SH:  0    Dex: 15    Spells: 4/4 levels left

rFire   . . .        Y - +0 shortbow
rCold   . . .        (shield currently unavailable)
rNeg    + + .        e - +1 robe {rN+}
rPois   inf          (no helmet)
rElec   +            (no cloak)
rCorr   .            (no gloves)
SInv    .            (no boots)
Will    .....        a - amulet of faith
Stlth   ++           (no ring)
HPRegen 0.25/turn    (no ring)
MPRegen 0.09/turn

%: faith
@: about to teleport
A: sickness immunity, AC +4, negative energy resistance 1, electricity
resistance, torment resistance 1, petrification resistance
a: no special abilities


You were on level 4 of the Dungeon.
You visited 1 branch of the dungeon, and saw 4 of its levels.

You collected 137 gold pieces.


Innate Abilities, Weirdness & Mutations

You are immune to sickness and miasma.
Your stone body is resilient. (AC +4)
You are immune to poison.
You resist negative energy. (rN+)
You are resistant to electric shocks. (rElec)
You are resistant to unholy torment.
You are immune to petrification.


   Skills:
 + Level 3.6 Fighting
 - Level 6.4 Ranged Weapons
 - Level 1.5 Dodging
 - Level 1.1 Stealth


You had 4 spell levels left.
You didn't know any spells.
Your spell library was empty.

Inventory:

Hand Weapons
 Y - a +0 shortbow (weapon)
Armour
 c - a +0 leather armour
 e - a +1 robe of positive energy (worn)
Jewellery
 a - an amulet of faith (around neck)
Scrolls
 g - 4 scrolls of identify
 h - 3 scrolls of teleportation
Potions
 b - 3 potions of heal wounds
 d - a potion of might {unknown}
 j - a potion of enlightenment
 k - a potion of curing {unknown}

Dungeon Overview and Level Annotations

Branches:
Dungeon (4/15)
 Temple: D:4-7

Altars:

Annotations:
D:3 2 transporters, qw's ghost, amateur GrHu


Message History

The black bear claws you but does no damage.
The black bear bites you but does no damage.
The black bear closely misses you. The black bear misses you.
You shoot an arrow.
The arrow hits the black bear but does no damage.
The black bear is lightly wounded.
The black bear misses you. The black bear closely misses you.
The black bear claws you.
You shoot an arrow. The arrow hits the black bear.
The black bear is moderately wounded.
The black bear barely misses you. The black bear misses you.
The black bear claws you but does no damage.
You shoot an arrow. The arrow hits the black bear!
The black bear is heavily wounded.
The black bear bites you but does no damage.
The black bear barely misses you. The black bear claws you.
You shoot an arrow. The arrow hits the black bear.
The black bear is severely wounded.
The black bear bites you. The black bear claws you.
The black bear barely misses you.
You shoot an arrow.
The arrow closely misses the black bear.
The black bear goes berserk!
You shoot an arrow. The arrow hits the black bear.
The black bear is severely wounded.
The black bear bites you. The black bear closely misses you. x2
The black bear bites you! The black bear claws you.
The black bear closely misses you.
You shoot an arrow.
The arrow closely misses the black bear.
The black bear closely misses you.
The black bear claws you but does no damage.
The black bear claws you.
2639 ||| READING 4 scrolls of teleportation.
As you read the scroll of teleportation, it crumbles to dust.
You feel strangely unstable.
The black bear bites you but does no damage.
The black bear claws you but does no damage. x2
The black bear bites you!
You die...

#.....#..........#
#########.....########..##
#...................##..#
#...................#...#
#...................#...#
#........)..........# ..#
#...................#####.
#.........#######.........
#.....)...#?....@.........
#.).......#....h#.........
#.........#.....#.........
#.........#######........#
####+#............########
#............#
#...>........#
#............#
#............#


You could see a black bear (berserk).

Vanquished Creatures
  An ogre (D:4)
  4 adders
  A river rat (D:3)
  2 worms (D:2)
  2 dart slugs
  6 orcs (D:4)
  6 ball pythons
  8 endoplasms
  A giant cockroach (D:3)
  8 goblins
  7 hobgoblins
  4 quokkas
  7 bats
  3 frilled lizards
  6 kobolds
  8 rats
74 creatures vanquished.

Notes
Turn   | Place    | Note
-------+----------+-------------------------------------------
     0 | D:1      | qw the Gargoyle Hunter began the quest for the Orb.
     0 | D:1      | Reached XP level 1. HP: 12/12 MP: 1/1
     0 | D:1      | 0 ||| qw: Version: 0.3-a-76-g4403597
     0 | D:1      | 0 ||| qw: Game counter: 154
     0 | D:1      | 0 ||| qw: Melee chars always use a shield: true
     0 | D:1      | 0 ||| qw: God list: Okawaru
     0 | D:1      | 0 ||| qw: Allow faded altars: false
     0 | D:1      | 0 ||| qw: Do Orc after clearing Dungeon:15 true
     0 | D:1      | 0 ||| qw: Do second Lair branch before Depths: true
     0 | D:1      | 0 ||| qw: Lair rune preference: random
     0 | D:1      | 0 ||| qw: Goals: Normal
     0 | D:1      | 0 ||| PLANNING D:1-11
    65 | D:1      | Reached XP level 2. HP: 17/17 MP: 2/2
   732 | D:1      | Found a faded altar of an unknown god.
   735 | D:1      | 735 ||| UPGRADING to +1 robe of positive energy.
   745 | D:1      | 745 ||| READING scroll labelled SOFIADDAWIL.
   746 | D:1      | 746 ||| READING scroll labelled RIYXUQ YFANAO.
   747 | D:1      | 747 ||| READING 2 scrolls labelled COBOSEELOMM.
   748 | D:1      | 748 ||| READING 5 scrolls labelled KOEVVI PILLAU.
   753 | D:1      | 753 ||| DRINKING 2 fuming yellow potions.
   754 | D:1      | 754 ||| DROPPING scroll of butterflies.
   755 | D:1      | 755 ||| DROPPING potion of brilliance.
   784 | D:2      | Reached XP level 3. HP: 21/21 MP: 3/3
   843 | D:2      | Reached skill level 5 in Ranged Weapons
   963 | D:2      | Reached skill level 3 in Fighting
  1341 | D:2      | 1341 ||| UPGRADING to amulet of faith.
  1346 | D:2      | 1346 ||| READING scroll labelled FERPHU BEUT.
  1347 | D:2      | 1347 ||| READING 3 scrolls of identify.
  1347 | D:2      | 1347 ||| IDENTIFYING fizzy white potion
  1348 | D:2      | 1348 ||| READING 2 scrolls of identify.
  1348 | D:2      | 1348 ||| IDENTIFYING blue potion
  1369 | D:3      | 1369 ||| PLANNING SEWER
  1372 | D:3      | Reached XP level 4. HP: 28/28 MP: 4/4
  1378 | D:3      | 1378 ||| STAIRDANCE
  1530 | D:3      | Noticed a phantom
  1894 | D:3      | 1894 ||| Stepping ~*~*~tactically~*~*~ (water).
  1924 | D:3      | 1924 ||| Stepping ~*~*~tactically~*~*~ (water).
  1926 | D:3      | 1926 ||| Stepping ~*~*~tactically~*~*~ (water).
  1928 | D:3      | 1928 ||| Stepping ~*~*~tactically~*~*~ (water).
  1930 | D:3      | 1930 ||| Stepping ~*~*~tactically~*~*~ (water).
  1932 | D:3      | 1932 ||| Stepping ~*~*~tactically~*~*~ (water).
  1934 | D:3      | 1934 ||| Stepping ~*~*~tactically~*~*~ (water).
  2059 | D:3      | 2059 ||| RIP SEWER
  2062 | D:3      | 2062 ||| PLANNING D:1-11
  2150 | D:3      | Found a transporter.
  2154 | D:3      | Noticed qw's ghost (amateur GrHu)
  2157 | D:3      | Found a transporter.
  2247 | D:3      | 2247 ||| READING scroll labelled IPRUOCIOMM.
  2248 | D:3      | 2248 ||| READING scroll labelled XIODIS ILIT.
  2266 | D:3      | 2266 ||| READING 2 scrolls of identify.
  2266 | D:3      | 2266 ||| IDENTIFYING smoky orange potion
  2267 | D:3      | 2267 ||| DROPPING potion of invisibility.
  2381 | D:4      | Noticed an ogre
  2387 | D:4      | 2387 ||| Stepping ~*~*~tactically~*~*~ (retreating).
  2388 | D:4      | 2388 ||| Stepping ~*~*~tactically~*~*~ (retreating).
  2389 | D:4      | 2389 ||| Stepping ~*~*~tactically~*~*~ (retreating).
  2390 | D:4      | 2390 ||| Stepping ~*~*~tactically~*~*~ (retreating).
  2391 | D:4      | 2391 ||| Stepping ~*~*~tactically~*~*~ (retreating).
  2392 | D:4      | 2392 ||| Stepping ~*~*~tactically~*~*~ (retreating).
  2395 | D:4      | Killed an ogre
  2396 | D:4      | Reached skill level 6 in Ranged Weapons
  2396 | D:4      | Reached XP level 5. HP: 27/32 MP: 5/5
  2628 | D:4      | Noticed a black bear
  2638 | D:4      | HP: 6/32 [black bear (5)]
  2639 | D:4      | 2639 ||| READING 4 scrolls of teleportation.
  2639 | D:4      | Slain by a black bear

Levels and vault maps discovered:
D:1:      lightli_arrival_statue_moat, layout_loops_ring,
          dilly_ecumenical_altar_fadedgnrine
D:2:      layout_basic
D:3:      layout_basic, gup_sewer_entry_spiral, gammafunk_ghost_mausoleum
D:4:      layout_gridville

Skill      XL: |  1  2  3  4 |
---------------+-------------+-----
Ranged Weapons | 5 6 |  6.4
Fighting       | 3 |  3.6
Dodging        | |  1.5
Stealth        | |  1.1

Action                     |  1- 3 |  4- 6 || total
---------------------------+-------+-------++-------
   Fire: Shortbow          |   112 |   123 ||   235
    Use: Scroll            |     7 |     4 ||    11
         Potion            |     1 |       ||     1
 Armour: Leather armour    |    13 |       ||    13
         Robe              |    13 |    59 ||    72
  Dodge: Dodged            |    23 |    56 ||    79

Table legend:
 A = Non-vault XP
 B = Vault XP
 C = Vault XP percentage of total XP
 D = Non-vault monster count
 E = Vault monster count
 F = Vault count percentage of total count
                 A         B        C        D         E       F
            +---------+---------+-------+---------+---------+-------
      Total |     292 |      18 |   5.8 |      70 |       4 |   5.4
            +---------+---------+-------+---------+---------+-------
        D:1 |      33 |       0 |   0.0 |      19 |       0 |   0.0
        D:2 |      47 |       0 |   0.0 |      18 |       0 |   0.0
        D:3 |      39 |      18 |  31.6 |      16 |       4 |  20.0
        D:4 |     173 |       0 |   0.0 |      17 |       0 |   0.0
            +---------+---------+-------+---------+---------+-------
